 Dungeon Crawl Stone Soup version 0.24-a0-439-g6dd8730de2 (webtiles) character file.

Game seed: 3428320540667625502

13765 vurker the Grappler (level 11, 0/109 (110) HPs)
             Began as a Troll Fighter on June 18, 2019.
             Was the Champion of Cheibriados.
             Slain by a seven-headed hydra (13 damage)
             ... on level 1 of the Lair of Beasts.
             The game lasted 00:28:38 (10145 turns).

vurker the Grappler (Troll Fighter)                Turns: 10145, Time: 00:28:39

HP:   0/109 (110)   AC: 11    Str: 44    XL:     11   Next: 79%
MP:   10/15         EV:  9    Int: 19    God:    Cheibriados [******]
Gold: 105           SH: 21    Dex: 24    Spells: 10/10 levels left

rFire    . . .     SeeInvis .   b - +2 morningstar (crush)
rCold    . . .     Gourm    +   y - +0 large shield
rNeg     . . .     Faith    .   o - +0 steam dragon scales
rPois    .         Spirit   .   (helmet restricted)
rElec    .         Reflect  .   C - +1 cloak of Hodipt {rCorr Stlth+}
rCorr    +         Harm     .   (gloves unavailable)
MR       .....                  (boots unavailable)
Stlth    +++.......             m - amulet of magic regeneration
HPRegen  0.68/turn              j - ring of flight
MPRegen  0.39/turn              (no ring)

@: invisible, very slow
A: large, unfitting armour, claws 3, fast metabolism 3, gourmand, regeneration
1, shaggy fur 1, tough skin 3
a: Bend Time, Temporal Distortion, Slouch, Step From Time, Renounce Religion,
Evoke Flight


You were on level 1 of the Lair of Beasts.
You worshipped Cheibriados.
Cheibriados was exalted by your worship.
You were very full.

You visited 2 branches of the dungeon, and saw 13 of its levels.

You collected 543 gold pieces.
You spent 438 gold pieces at shops.

Inventory:

Hand Weapons
 b - a +2 morningstar of crushing (weapon)
   (You found it on level 7 of the Dungeon)
Missiles
 D - 3 large rocks (quivered)
Armour
 o - +0 steam dragon scales (worn)
   (You found it on level 8 of the Dungeon)
 y - a +0 large shield (worn)
   (You found it on level 6 of the Dungeon)
 C - the +1 cloak of Hodipt (worn) {rCorr Stlth+}
   (You bought it in a shop on level 10 of the Dungeon)

   It provides partial protection from all sources of acid and corrosion.
   It makes you more stealthy.
Jewellery
 j - a ring of flight (left claw)
   (You found it on level 4 of the Dungeon)
 m - an amulet of magic regeneration (around neck)
   (You found it on level 5 of the Dungeon)
Wands
 c - a wand of disintegration (9)
   (You found it on level 2 of the Dungeon)
 k - a wand of polymorph (5)
   (You took it off an orc on level 9 of the Dungeon)
 t - a wand of flame (16)
   (You found it on level 10 of the Dungeon)
 u - a wand of paralysis (6)
   (You found it on level 11 of the Dungeon)
 x - a wand of acid (4)
   (You found it on level 9 of the Dungeon)
Scrolls
 a - a scroll of blinking
 g - 3 scrolls of fog
 i - a scroll of fear
 r - 2 scrolls of enchant armour
 v - 2 scrolls of teleportation {@r4}
 B - 4 scrolls of remove curse {@r2}
Potions
 d - 2 potions of brilliance {unknown}
 f - a potion of lignification {unknown}
 h - 2 potions of cancellation
 l - 6 potions of curing {@q1}
 n - 2 potions of mutation {!q}
 q - 2 potions of agility {unknown}
 s - 2 potions of might
 w - 2 potions of ambrosia {unknown}
 z - a potion of flight {unknown}
 A - 2 potions of degeneration {unknown}
Comestibles
 e - 15 rations {!d}


   Skills:
 + Level 7.7 Fighting
 + Level 2.5 Dodging
 + Level 7.7 Shields
 * Level 12.2 Unarmed Combat
 + Level 7.6 Invocations


You had 10 spell levels left.
You didn't know any spells.
Your spell library contained the following spells:

 Spells                   Type           Power        Failure   Level  Hunger
 Flame Tongue             Conj/Fire      #....        69%         1    ##.....
 Magic Dart               Conj           #...         69%         1    ##.....
 Sting                    Conj/Pois      #...         69%         1    ##.....
 Poisonous Vapours        Pois/Air       #.....       83%         2    ###....
 Searing Ray              Conj           #.....       83%         2    ###....
 Throw Flame              Conj/Fire      #.....       83%         2    ###....
 Conjure Flame            Conj/Fire      #.......     96%         3    ####...
 Dazzling Spray           Conj/Hex       #.....       96%         3    ####...
 Inner Flame              Hex/Fire       #.......     96%         3    ####...
 Mephitic Cloud           Conj/Pois/Air  #.......     96%         3    ####...
 Force Lance              Conj/Tloc      #.......     100%        4    #####..
 Fulminant Prism          Conj/Hex       #.........   100%        4    #####..
 Iskenderun's Mystic Bla  Conj           #.......     100%        4    #####..
 Olgreb's Toxic Radiance  Pois           #.......     100%        4    #####..
 Sticky Flame             Conj/Fire      #.......     100%        4    #####..
 Fireball                 Conj/Fire      #.........   100%        5    ######.
 Venom Bolt               Conj/Pois      #.........   100%        5    ######.


Dungeon Overview and Level Annotations

Branches:
Dungeon (12/15)            Temple (0/1) D:5            Lair (1/6) D:11
    Orc (0/2) D:10

Altars:
Ashenzari
Cheibriados
Fedhas
Hepliaklqana
Kikubaaqudgha
Makhleb
Nemelex Xobeh
Okawaru
Vehumet
Xom
Beogh

Shops:
D:7 !*   D:10 [   D:11 *[%!}

Annotations:
D:4 exclusion: statue


Innate Abilities, Weirdness & Mutations

You are too large for most types of armour.
You have claws for hands.
Your metabolism is lightning-fast.
You like to eat raw meat.
Your natural rate of healing is unusually fast.
You are covered in fur. (AC +1)
You have extremely tough skin. (AC +3)


Message History

The yak gores you! You block the yak's attack.
The yak bellows!
You bludgeon the yak!! You block the yak's attack. x2
The yak barely misses you.
You hit the yak. You block the yak's attack. The yak closely misses you.
You block the yak's attack. The yak gores you.
You hit the yak but do no damage. The yak gores you!
You block the yak's attack.
You block the seven-headed hydra's attack. x3
The seven-headed hydra bites you but does no damage.
The seven-headed hydra bites you! x2
You block the seven-headed hydra's attack.
You block the yak's attack. You block the crocodile's attack.
You block the yak's attack.
The seven-headed hydra barely misses you.
The seven-headed hydra bites you but does no damage. x2
The seven-headed hydra closely misses you.
You block the seven-headed hydra's attack. x2
The seven-headed hydra bites you but does no damage.
You block the crocodile's attack.
You block the seven-headed hydra's attack.
The seven-headed hydra bites you.
The seven-headed hydra barely misses you.
The seven-headed hydra bites you!
You block the seven-headed hydra's attack. x2
The seven-headed hydra bites you.
* * * LOW HITPOINT WARNING * * *
You can feel time thicken for a moment.
You kill the yak!
Cheibriados thoroughly appreciates the change of pace.
You feel somewhat less full. You block the crocodile's attack.
You block the seven-headed hydra's attack.
The seven-headed hydra completely misses you.
You block the seven-headed hydra's attack.
The seven-headed hydra bites you.
* * * LOW HITPOINT WARNING * * *
You block the seven-headed hydra's attack.
The seven-headed hydra bites you!
* * * LOW HITPOINT WARNING * * *
The seven-headed hydra bites you!
* * * LOW HITPOINT WARNING * * *
You fade into invisibility!
You block the yak's attack. The crocodile barely misses you.
The seven-headed hydra bites you.
* * * LOW HITPOINT WARNING * * *
You block the seven-headed hydra's attack.
The seven-headed hydra bites you!
* * * LOW HITPOINT WARNING * * *
The seven-headed hydra bites you!
You die...

###..###.## ###...## #.#
#..... ##.....####.#
......
........†##.####........
.....###...## #P........
..... ##.## ##.........
.... ###.###..........
.... .##........P#......
... ..........@D##......
...........tY........
...........YY........
.....................
.....................
.....................
....................
......####.........
..... ##...##...


You could see a seven-headed hydra, 3 yaks and a crocodile.

Vanquished Creatures
  A centaur warrior (D:11)
  Urug (D:11)
  An unseen horror (D:11)
  A cyclops (D:11)
  A spiny frog (Lair:1)
  Grinder (D:4)
  7 hippogriffs
  A meliai zombie (D:11)
  A shadow (D:11)
  A human (D:7)
  10 yaks
  3 hogs (D:7)
  A steam dragon (D:8)
  2 wargs (D:11)
  Edmund (D:4)
  2 water moccasins
  3 ice beasts
  7 orc warriors
  A phantom (D:10)
  A necrophage (D:9)
  A sky beast (D:8)
  9 ogres
  7 centaurs
  2 crocodiles
  5 bullfrogs
  A gnoll sergeant (D:7)
  A wyvern zombie (D:11)
  A water moccasin zombie (D:5)
  A water moccasin skeleton (D:5)
  A wyvern skeleton (D:8)
  6 scorpions
  6 killer bees (D:9)
  2 electric eels (D:8)
  4 howler monkeys
  10 wights
  A centaur zombie (D:8)
  A quasit (D:7)
  A jelly (D:7)
  3 crimson imps
  4 hounds
  A bullfrog skeleton (D:8)
  5 orc priests
  Crazy Yiuf (D:3)
  5 centaur skeletons
  An iguana (D:10)
  Jessica (D:3)
  Terence (D:3)
  Natasha (thrice) (D:4)
  11 orc wizards
  12 worker ants
  A hound zombie (D:8)
  2 hound skeletons
  3 worker ant zombies
  13 gnolls
  15 adders
  3 shadow imps
  An ooze (D:7)
  An adder skeleton (D:7)
  4 worms
  2 dart slugs
  4 leopard geckos
  63 orcs
  9 bats
  10 giant cockroaches
  18 goblins
  6 hobgoblins
  13 jackals
  7 kobolds
  5 quokkas
  2 ball pythons
  A ball python skeleton (D:4)
  A frilled lizard (D:1)
  A leopard gecko zombie (D:7)
  8 rats
348 creatures vanquished.

Notes
Turn   | Place    | Note
-------+----------+-------------------------------------------
     0 | D:1      | vurker the Troll Fighter began the quest for the Orb.
     0 | D:1      | Reached XP level 1. HP: 22/22 MP: 0/0
   220 | D:1      | Reached XP level 2. HP: 29/29 MP: 1/1
   675 | D:2      | Reached XP level 3. HP: 27/36 MP: 2/2
   708 | D:2      | Reached skill level 3 in Unarmed Combat
   930 | D:2      | Reached XP level 4. HP: 44/44 MP: 3/3
  1214 | D:3      | Found a snail-covered altar of Cheibriados.
  1223 | D:3      | Became a worshipper of Cheibriados the Contemplative
  1261 | D:3      | Noticed Terence
  1279 | D:3      | Killed Terence
  1481 | D:3      | Reached * piety under Cheibriados
  1481 | D:3      | Reached skill level 4 in Unarmed Combat
  1481 | D:3      | Reached XP level 5. HP: 53/53 MP: 4/4
  1500 | D:3      | Reached skill level 1 in Invocations
  1589 | D:3      | Noticed Jessica
  1592 | D:3      | Killed Jessica
  1616 | D:3      | Found a runed translucent door.
  1617 | D:3      | Noticed Crazy Yiuf
  1627 | D:3      | Killed Crazy Yiuf
  1821 | D:3      | Found a sparkling altar of Nemelex Xobeh.
  1875 | D:3      | Reached XP level 6. HP: 61/61 MP: 6/6
  2019 | D:4      | Noticed an ice beast
  2032 | D:4      | Killed an ice beast
  2075 | D:4      | Noticed Grinder
  2104 | D:4      | Killed Grinder
  2104 | D:4      | Reached skill level 5 in Unarmed Combat
  2104 | D:4      | Reached XP level 7. HP: 37/68 MP: 7/7
  2165 | D:4      | Found a radiant altar of Vehumet.
  2320 | D:4      | Noticed Natasha
  2325 | D:4      | Noticed Edmund
  2332 | D:4      | Killed Natasha
  2350 | D:4      | Killed Edmund
  2357 | D:4      | Reached ** piety under Cheibriados
  2468 | D:4      | Noticed Natasha
  2473 | D:4      | Killed Natasha
  2502 | D:4      | Found a hazy altar of Hepliaklqana.
  2588 | D:4      | Reached skill level 6 in Unarmed Combat
  2741 | D:4      | Reached XP level 8. HP: 78/78 MP: 9/9
  2742 | D:4      | Noticed Natasha
  2747 | D:4      | Killed Natasha
  2778 | D:4      | Found a burning altar of Makhleb.
  2978 | D:5      | Entered Level 5 of the Dungeon
  3231 | D:5      | Reached *** piety under Cheibriados
  3253 | D:5      | Reached skill level 7 in Unarmed Combat
  3278 | D:5      | Found a staircase to the Ecumenical Temple.
  3926 | D:6      | Reached skill level 5 in Fighting
  4135 | D:6      | Reached skill level 5 in Shields
  4135 | D:6      | Reached XP level 9. HP: 88/88 MP: 11/11
  4259 | D:6      | Found a shimmering altar of Xom.
  4259 | D:6      | Found a shattered altar of Ashenzari.
  4350 | D:6      | Reached skill level 8 in Unarmed Combat
  4717 | D:7      | Reached **** piety under Cheibriados
  4823 | D:7      | Found Borey's Assorted Antiques.
  4829 | D:7      | Bought a crude robe for 165 gold pieces
  4975 | D:7      | Reached skill level 5 in Invocations
  4980 | D:7      | Reached skill level 9 in Unarmed Combat
  5065 | D:7      | Found Diurhian's Distillery.
  5068 | D:7      | Reached ***** piety under Cheibriados
  5206 | D:7      | Reached XP level 10. HP: 30/98 MP: 13/13
  5562 | D:7      | Identified the +0 robe "Keiman" {Str+5 Dex+3} (You bought
                  | it in a shop on level 7 of the Dungeon)
  5975 | D:8      | Found an iron altar of Okawaru.
  6109 | D:8      | Reached skill level 10 in Unarmed Combat
  7269 | D:9      | Found an ancient bone altar of Kikubaaqudgha.
  7435 | D:9      | You fall into a shaft and drop 3 floors!
  7454 | D:12     | Noticed a cyan ugly thing
  7488 | D:11     | Found Buetirr's Gadget Shoppe.
  7558 | D:10     | Entered Level 10 of the Dungeon
  7562 | D:10     | Reached ****** piety under Cheibriados
  7563 | D:10     | Reached skill level 11 in Unarmed Combat
  7583 | D:10     | Reached XP level 11. HP: 94/106 MP: 14/14
  7808 | D:10     | Found a roughly hewn altar of Beogh.
  7808 | D:10     | Found a staircase to the Orcish Mines.
  7855 | D:10     | Found Lemaj's Armour Shop.
  7865 | D:10     | Bought the +1 cloak of Hodipt {rCorr Stlth+} for 273 gold
                  | pieces
  8459 | D:10     | Found a snail-covered altar of Cheibriados.
  8741 | D:11     | Noticed a centaur warrior
  8749 | D:11     | Killed a centaur warrior
  8888 | D:11     | Found Guidd's Distillery.
  8924 | D:11     | Killed an unseen horror
  8979 | D:11     | Found Pifagy's Food Shop.
  8984 | D:11     | Noticed Urug
  8994 | D:11     | Killed Urug
  9117 | D:11     | Found a blossoming altar of Fedhas.
  9383 | D:11     | Found a staircase to the Lair.
  9386 | D:11     | Reached skill level 12 in Unarmed Combat
  9714 | D:11     | Found Noxurchul's General Store.
  9714 | D:11     | Found Nuorown's Armour Shoppe.
 10044 | Lair:1   | Entered Level 1 of the Lair of Beasts
 10137 | Lair:1   | Noticed a seven-headed hydra
 10145 | Lair:1   | Slain by a seven-headed hydra

Levels and vault maps discovered:
D:1:      lemuel_arrival_hallway, layout_loops_ring
D:2:      layout_rooms, first_ration
D:3:      layout_loops_ring, marbit_many_paths, lemuel_crystal_altar,
          uniq_crazy_yiuf_cottage, uniq_jessica, uniq_terence
D:4:      layout_loops_cross, vehumet_statue, overflow_temple_1_default,
          chequers_ossuary_entry_cave, bloody_makhleb, uniq_natasha,
          uniq_edmund, uniq_grinder
D:5:      layout_loops_corners, minmay_temple_entry_statues_pillars
D:6:      layout_loops_ring, gammafunk_temple_overflow_wave
D:7:      minmay_angry_zag, layout_rooms, serial_shops,
          nicolae_shop_window_shopping, grunt_livestock, kennysheep_small_circle
D:8:      layout_loops_corners, kennysheep_okawaru_gauntlet,
          kennysheep_opposing_triangles
D:9:      layout_roguey, basic_altar
D:10:     layout_long_grid, david_orc_5, serial_shops,
          nicolae_shop_behind_doors, cheibriados_altar_1
D:11:     layout_stronghold, erik_lair_orcish_takeover, serial_shops,
          nicolae_shop_temple_entry_statues_fountains,
          nicolae_shop_temple_entry_statues_fountains, shop, shop, shop,
          basic_altar, uniq_urug
D:12:     layout_roguey, gauntlet_entry_generic
Lair:1:   layout_cave_shapes, chequers_serial_rivers_small_3

Skill      XL: |  1  2  3  4  5  6  7  8  9 10 11 |
---------------+----------------------------------+-----
Unarmed Combat | 3 4 5 6 7 9 11 12 | 12.2
Fighting       | 3 4 5 6 7 |  7.7
Shields        | 3 4 5 6 7 |  7.7
Invocations    | 1 2 3 4 5 6 7 |  7.6
Dodging        | |  2.5

Action                   |  1- 3 |  4- 6 |  7- 9 | 10-12 || total
-------------------------+-------+-------+-------+-------++-------
Melee: Unarmed           |   135 |   141 |   314 |   393 ||   983
       Morningstar       |       |       |       |    11 ||    11
Throw: Large rock        |       |       |       |     2 ||     2
Invok: Bend Time         |       |       |       |     1 ||     1
       Slouch            |       |       |       |     1 ||     1
Evoke: Wand              |       |     3 |     2 |     6 ||    11
  Use: Scroll            |       |    11 |     6 |     6 ||    23
       Potion            |       |       |     1 |     3 ||     4
 Stab: Sleeping          |       |     1 |       |     8 ||     9
       Distracted        |       |       |     1 |     3 ||     4
       Paralysed         |       |       |       |     3 ||     3
  Eat: Chunk             |    14 |     9 |    19 |    32 ||    74
Armor: Robe              |    38 |    36 |    63 |    14 ||   151
       Steam dragon scal |       |       |       |    63 ||    63
Dodge: Dodged            |    40 |    30 |    73 |    78 ||   221
Block: Shield            |    71 |    68 |   145 |       ||   284
       Large shield      |       |       |   117 |   431 ||   548

Table legend:
 A = Non-vault XP
 B = Vault XP
 C = Vault XP percentage of total XP
 D = Non-vault monster count
 E = Vault monster count
 F = Vault count percentage of total count
                 A         B        C        D         E       F
            +---------+---------+-------+---------+---------+-------
      Total |   15718 |    3947 |  20.1 |     295 |      53 |  15.2
            +---------+---------+-------+---------+---------+-------
        D:1 |      33 |       0 |   0.0 |      19 |       0 |   0.0
        D:2 |      68 |       0 |   0.0 |      26 |       0 |   0.0
        D:3 |     172 |     114 |  39.9 |      31 |       4 |  11.4
        D:4 |     724 |     479 |  39.8 |      27 |       3 |  10.0
        D:5 |     931 |       0 |   0.0 |      24 |       0 |   0.0
        D:6 |     727 |       0 |   0.0 |      18 |       0 |   0.0
        D:7 |    1594 |    1392 |  46.6 |      36 |      10 |  21.7
        D:8 |    1941 |     293 |  13.1 |      31 |       6 |  16.2
        D:9 |    2548 |       0 |   0.0 |      25 |       0 |   0.0
       D:10 |    1066 |     234 |  18.0 |      23 |      20 |  46.5
       D:11 |    5267 |    1435 |  21.4 |      31 |      10 |  24.4
       D:12 |      52 |       0 |   0.0 |       2 |       0 |   0.0
     Lair:1 |     595 |       0 |   0.0 |       2 |       0 |   0.0
            +---------+---------+-------+---------+---------+-------
